 Dungeon Crawl Stone Soup version 0.32-a0-886-g41c5271027 (webtiles) character file.

Game seed: 17491355033564863163

165980 Gadrel the Peltast (level 17, -3/146 HPs)
             Began as a Purple Draconian Monk on Apr 3, 2024.
             Was the Champion of Beogh.
             Shot with an arrow by a naga sharpshooter (19 damage)
             ... on level 4 of the Snake Pit.
             The game lasted 01:46:23 (25539 turns).

Gadrel the Peltast (Purple Draconian Monk)         Turns: 25539, Time: 01:46:23

Health: -3/146     AC: 14    Str: 25    XL:     17   Next: 28%
Magic:  22/31      EV: 14    Int: 15    God:    Beogh [******]
Gold:   857        SH:  0    Dex: 14    Spells: 19/36 levels left

rFire   + . .        a - +7 demon whip (venom)
rCold   . . .        i - sphere of Battle
rNeg    . . .        (body armour unavailable)
rPois   .            s - +0 hat
rElec   +            o - +2 cloak {rPois}
rCorr   .            h - +1 pair of gloves of Wariness {rElec}
SInv    .            (no boots)
Will    ++...        A - amulet of regeneration
Stlth   +            n - ring "Anat" {rF+ Str+8}
HPRegen 1.24/turn    V - ring "Xoklibaph" {Wiz rPois Slay+3}
MPRegen 0.22/turn

%: clarity, wizardry (x1)
@: lethally poisoned (-3 -> -33), poison vulnerable
A: walk on water, nullifying breath, AC +9, unfitting armour, cold-blooded,
clarity
a: Nullifying Breath, Renounce Religion, Smiting, Recall Apostles, Blood for
Blood, Dismiss Blodwig, priest, Dismiss Brunolf, warrior, Dismiss Grimold,
warrior


You were on level 4 of the Snake Pit.
You worshipped Beogh.
Beogh was exalted by your worship.
You visited 4 branches of the dungeon, and saw 26 of its levels.
You also visited: Trove, Sewer and Bailey.

You collected 3097 gold pieces.
You spent 2240 gold pieces at shops.

Inventory:

Hand Weapons
 a - a +7 demon whip of venom (weapon)
   (You acquired it on level 13 of the Dungeon)
Missiles
 f - 53 poisoned darts
 l - 4 throwing nets {!d}
 p - 4 curare-tipped darts
Armour
 h - the +1 pair of gloves of Wariness (worn) {rElec}
   (You bought it in a shop on level 1 of the Snake Pit)

   rElec:     It insulates you from electricity.
 i - the sphere of Battle (worn)
   (You bought it in a shop on level 13 of the Dungeon)

   Battle:    It summons a battlesphere in combat, with strength depending on
   Conjurations skill.
   Destructive: It enhances your destructive magic, and weakens non-destructive
   magic.
 o - a +2 cloak of poison resistance (worn)
   (You bought it in a shop on level 13 of the Dungeon)
 s - a +0 hat (worn)
   (You found it on level 7 of the Dungeon)
Magical Staves
 b - a staff of conjuration
   (You found it on level 15 of the Dungeon)
Jewellery
 n - the ring "Anat" (left hand) {rF+ Str+8}
   (You found it in a treasure trove)

   [ring of protection from fire]

   Str+8:     It affects your strength (+8).
   rF+:       It protects you from fire.
 A - an amulet of regeneration (around neck)
   (You found it on level 3 of the Dungeon)
 C - the ring "Bionorgh" {rElec rF+ Int+2}
   (You found it in a treasure trove)

   [ring of protection from fire]

   Int+2:     It affects your intelligence (+2).
   rF+:       It protects you from fire.
   rElec:     It insulates you from electricity.
 F - a ring of flight {+Fly, !d}
   (You found it in a treasure trove)
 V - the ring "Xoklibaph" (right hand) {Wiz rPois Slay+3}
   (You found it in a treasure trove)

   [ring of wizardry]

   Wiz:       It improves your spell success rate.
   Slay+3:    It affects your accuracy & damage with ranged weapons and melee
   (+3).
   rPois:     It protects you from poison.
 W - the amulet "Yvvu" {Spirit Rampage rN+ Int+3}
   (You found it in a treasure trove)

   [amulet of guardian spirit]

   Spirit:    It causes incoming damage to be divided between your reserves of
   health and magic.
   Int+3:     It affects your intelligence (+3).
   rN+:       It protects you from negative energy.
   Rampage:   It bestows one free step when moving towards enemies.
 X - the ring "Anutuss" {AC+4 Str+3}
   (You found it in a treasure trove)

   [ring of protection]

   AC+4:      It affects your AC (+4).
   Str+3:     It affects your strength (+3).
 Z - the ring of Zien {rPois Str+3 Dex+6 SInv}
   (You found it in a treasure trove)

   [ring of dexterity]

   Str+3:     It affects your strength (+3).
   Dex+6:     It affects your dexterity (+6).
   rPois:     It protects you from poison.
   SInv:      It lets you see invisible.
Wands
 e - a wand of charming (3)
   (You found it on level 7 of the Dungeon)
 j - a wand of polymorph (34)
   (You found it on level 2 of the Dungeon)
 q - a wand of flame (25)
   (You found it on level 9 of the Dungeon)
 y - a wand of light (1)
   (You found it on level 8 of the Dungeon)
 L - a wand of roots (9)
   (You found it on level 12 of the Dungeon)
Scrolls
 d - a scroll of enchant armour
 k - 5 scrolls of poison {!r}
 r - 3 scrolls of amnesia
 v - 4 scrolls of fog
 x - a scroll of butterflies
 D - 3 scrolls of blinking {!r}
 E - 3 scrolls of fear
 K - 3 scrolls of immolation {!r}
 O - 8 scrolls of vulnerability {!r!r}
 Q - 7 scrolls of identify {@r1}
 S - 6 scrolls of revelation
 Y - 4 scrolls of teleportation {@r3}
Potions
 c - a potion of cancellation
 t - 4 potions of enlightenment
 u - 2 potions of magic
 B - 4 potions of brilliance
 G - 2 potions of ambrosia {!q}
 H - 5 potions of haste
 I - 3 potions of invisibility
 J - 9 potions of curing {@q1}
 M - 5 potions of might
 N - 3 potions of heal wounds {@q2}
 P - 6 potions of lignification {!q}
 R - 2 potions of resistance
 T - a potion of berserk rage {!q}
 U - 6 potions of mutation {!q}
Miscellaneous
 g - a tin of tremorstones (2/2)
   (You found it on level 5 of the Lair of Beasts)
 m - a phantom mirror
   (You found it on level 11 of the Dungeon)
 w - a phial of floods
   (You found it on level 11 of the Dungeon)
 z - a box of beasts
   (You found it on level 10 of the Dungeon)


   Skills:
 - Level 12.0 Fighting
 - Level 14.0 Maces & Flails
 - Level 6.5 Dodging
 - Level 15.0 Shields
 - Level 10.0 Spellcasting
 - Level 10.0 Conjurations
 - Level 10.0 Hexes
 + Level 4.0 Earth Magic
 - Level 8.0 Alchemy
 - Level 10.0 Invocations
 - Level 10.0 Evocations


You had 19 spell levels left.
You knew the following spells:

 Your Spells              Type           Power      Damage    Failure   Level
a - Irradiate             Conj/Alch      25%        3d20      2%          5
b - Bombard               Conj/Erth      21%        9d4       32%         6
x - Magic Dart            Conj           100%       1d8       1%          1
Y - Yara's Violent Unrav  Hex/Alch       25%        3d11      2%          5

Your spell library contained the following spells:

 Spells                   Type           Power      Damage    Failure   Level
 Foxfire                  Conj/Fire      100%       2x1d9     1%          1
 Kiss of Death            Conj/Necr      100%       2d13      1%          1
 Sting                    Conj/Alch      100%       1d9       1%          1
 Cigotuvi's Dreadful Rot  Necr/Alch/Air  14%        N/A       1%          2
 Jinxbite                 Hex            36%        N/A       1%          2
 Confusing Touch          Hex            18%        N/A       1%          3
 Dazzling Flash           Conj/Hex       100%       N/A       1%          3
 Inner Flame              Hex/Fire       33%        N/A       1%          3
 Mephitic Cloud           Conj/Alch/Air  38%        N/A       1%          3
 Passwall                 Erth           9%         N/A       2%          3
 Leda's Liquefaction      Alch/Erth      6%         N/A       3%          4
 Apportation              Tloc           6%         N/A       4%          1
 Necrotise                Necr           12%        1d4       4%          1
 Summon Small Mammal      Summ           12%        N/A       4%          1
 Flame Wave               Conj/Fire      33%        2d10      4%          4
 Blink                    Tloc           6%         N/A       6%          2
 Call Imp                 Summ           6%         N/A       6%          2
 Scorch                   Fire           22%        2d5       6%          2
 Ignite Poison            Fire/Alch      29%        N/A       8%          4
 Volatile Blastmotes      Fire/Tloc      22%        2d11      12%         3
 Silence                  Hex/Air        5%         N/A       14%         5
 Lee's Rapid Deconstruct  Erth           14%        3d9*      21%         5
 Freezing Cloud           Conj/Ice/Air   13%        6-21      26%         5
 Dispel Undead            Necr           3%         3d7       34%         4
 Passage of Golubria      Tloc           3%         N/A       34%         4
 Vhi's Electric Charge    Tloc/Air       6%         N/A       34%         4
 Enfeeble                 Hex            9%         N/A       45%         7
 Conjure Ball Lightning   Conj/Air       16%        3x3d6     56%         6
 Starburst                Conj/Fire      16%        6d6       56%         6
 Curse of Agony           Necr           3%         N/A       69%         5
 Permafrost Eruption      Ice/Erth       10%        2x4d3     92%         6
 Discord                  Hex            9%         N/A       98%         8
 Plasma Beam              Fire/Air       5%         2x1d16    99%         6
 Summon Cactus Giant      Summ           1%         N/A       99%         6
 Malign Gateway           Summ/Tloc      1%         N/A       100%        7
 Disjunction              Tloc           1%         N/A       100%        8
 Ignition                 Fire           5%         3d4       100%        8
 Lehudib's Crystal Spear  Conj/Erth      21%        10d6      100%        8
 Summon Horrible Things   Summ           1%         N/A       100%        8


Dungeon Overview and Level Annotations

Branches:
Dungeon (15/15)            Temple (0/1) D:4            Lair (5/5) D:10
  Swamp (0/4) Lair:3        Snake (4/4) Lair:2        Slime (0/5) Lair:5
    Orc (2/2) D:10            Elf (0/3) Orc:2        Vaults (0/5) D:14
 Depths (0/4) D:15          Sewer (visited)          Bailey (visited)

Altars:
Dithmenos
Elyvilon
Fedhas
Makhleb
Nemelex Xobeh
Trog
Uskayaw
Wu Jian
Yredelemnul
The Shining One
Beogh

Shops:
D:4 =[[*   D:12 (   D:13 [*?*[   Orc:2 (?(=!   Snake:1 ***=   Snake:3 :

Annotations:
D:4 dig shop


Innate Abilities, Weirdness & Mutations

You can walk on water.
Your facial features are unmistakably orcish.
You can breathe blasts of antimagic.
Your rich purple scales are hard. (AC +9)
You cannot fit into any form of body armour.
You are cold-blooded and may be slowed by cold attacks.
You possess an exceptional clarity of mind.


Message History

The naga sharpshooter unwields a +0 arbalest.
The naga sharpshooter wields a +0 glaive.
The naga sharpshooter closely misses Brunolf.
The naga ritualist hits Grimold but does no damage.
Okay, then.
You hit the naga ritualist but do no damage.
You feel sick.
Brunolf hits the naga sharpshooter with a +2 dire flail of draining!
The naga sharpshooter shoots an arrow.
The arrow hits Brunolf!
The guardian serpent hits Grimold!
The naga mage points at the naga mage and mumbles some strange words.
The naga mage's venom grows more potent.
The naga warrior hits you but does no damage.
The naga warrior grabs you. The naga warrior constricts you!
The naga mage gestures at the black mamba while chanting.
The black mamba's venom grows more potent.
You take 8 damage, and have 86/146 hp.
Unknown command.
Unknown command.
Unknown command.
Press: ? - help, Dir - move target, f - naga mage, p - naga mage
Aim: a naga mage, wielding a +0 whip (moderately wounded, concentrated venom, misshapen and mutated, ally target)
You feel a surge of power!
The naga mage's magical effects unravel!
The enchantments explode!
The naga mage twists and deforms.
The unravelling engulfs the naga mage!
The naga mage twists and deforms.
The unravelling engulfs the naga mage!
The mana viper twists and deforms.
The unravelling engulfs the mana viper!!
You feel sick.
Grimold no longer looks unusually strong.
The naga ritualist hits you with a +0 battleaxe.
The naga ritualist completely misses your battlesphere.
Grimold hits the naga ritualist with a +1 great sword of flaming!
Grimold burns the naga ritualist.
The guardian serpent misses Grimold.
The naga ritualist spits poison at Grimold.
The splash of poison hits Grimold but does no damage.
The naga sharpshooter unwields a +0 glaive.
The naga sharpshooter wields a +0 arbalest.
The naga sharpshooter gestures wildly while chanting.
The naga sharpshooter magically shoots a bolt.
The bolt hits you!
Brunolf roars a battlecry!
Grimold goes into a battle-frenzy!
Blodwig hits the naga warrior with a +2 heavy mace!!
The naga sharpshooter spits poison at you.
The splash of poison hits Brunolf.
Brunolf is poisoned.
The naga mage casts a spell.
The naga mage seems to speed up.
The naga warrior hits you with a +0 mace!!
The naga warrior constricts you.
You take 32 damage, and have 54/146 hp.
MASSIVE DAMAGE!!
You now have 22/31 mp.
Unknown command.
You escape the naga warrior's grasp.
You feel sick.
Grimold is no longer regenerating.
The guardian serpent hits Grimold but does no damage.
The naga ritualist hits your battlesphere with a +0 battleaxe.
Grimold hits the naga ritualist with a +1 great sword of flaming!
Grimold burns the naga ritualist.
The naga mage gestures at you while chanting.
The bolt of poison misses the naga sharpshooter.
The bolt of poison hits Brunolf!
Brunolf looks even sicker.
The bolt of poison hits you!
You are more poisoned.
The naga ritualist hits Grimold with a +0 long sword.
The naga ritualist completely misses Grimold.
The naga sharpshooter gestures wildly while chanting.
The naga sharpshooter magically shoots an arrow.
The arrow hits you.
* * * LOW HITPOINT WARNING * * *
Brunolf closely misses the naga sharpshooter.
A naga sharpshooter comes into view. It is wielding a +0 dire flail.
The naga sharpshooter spits poison at you.
The splash of poison misses Brunolf.
The splash of poison hits you!
You are more poisoned.
* * * LOW HITPOINT WARNING * * *
The guardian serpent misses Grimold.
You take 25 damage, and have 29/146 hp.
Unknown command.
Unknown command.
Unknown command.
* * * LOW HITPOINT WARNING * * *
You feel extremely sick.
Blodwig no longer looks unusually strong.
The naga ritualist utters an invocation to its god.
The naga ritualist begins to radiate toxic energy.
* * * LOW HITPOINT WARNING * * *
You are more poisoned.
Blodwig is poisoned.
Brunolf looks even sicker.
Grimold is poisoned.
The naga mage mumbles some strange words.
The naga mage seems to speed up.
The naga ritualist hits Brunolf with a +0 long sword!
The naga ritualist barely misses Brunolf.
Brunolf completely misses the naga warrior.
The naga sharpshooter shoots an arrow.
The arrow hits you!!
You die...

.....#.....###.....# #..........
...####.....##)....####....#.....
....####......##.....##########..
.....###...)...#........)..#####.
......###......##.......)...#...)
##......)).....#########....#....
###..........###...........###...
...........###...........###..##.
..........###..*@†########,......
..........###N.o)###,,,,,,,......
...........###oNoNS####,,,,,.....
.............##SNN....#*,,,,.....
#...........).##..NN...*,,*****,,
##.............####S..#*,,**,,,,,
##...<....#...#**,....***,,,,,,,
##.......##.##,,,,...,,**,,,,,*
##......####,,,,,⌠.N,,,*,*****


You could see a naga warrior, 2 naga sharpshooters, 2 naga ritualists, a mana
viper (misshapen), a guardian serpent (misshapen), 2 naga magi, the friendly
Blodwig the orc apostle (poisoned), the friendly Brunolf the orc apostle
(regenerating, very poisoned), the friendly Grimold the orc apostle (strong,
poisoned) and a friendly battlesphere.

Vanquished Creatures
  A frost giant (D:11)
  An ironbound preserver (D:14)
  A dire elephant (Lair:5)
  An entropy weaver (D:14)
  A great orb of eyes (D:13)
  2 rakshasas
  5 hydras
  2 ogre magi (Orc:2)
  A boulder beetle (D:13)
  6 anacondas
  2 centaur warriors
  15 two-headed ogres
  2 tengu warriors
  5 naga sharpshooters
  6 shock serpents
  4 naga warriors
  An occultist (D:13)
  A skyshark (Lair:5)
  A spectral death yak (Lair:5)
  A spectral anaconda (Lair:5)
  A salamander mystic (Snake:1)
  A deep troll (Orc:2)
  3 skeletal warriors
  An orb spider (D:13)
  5 mana vipers
  2 sea snakes (Snake:2)
  3 necromancers
  A lindwurm (Lair:5)
  An orc knight (D:15)
  6 ugly things
  An orc sorcerer (D:15)
  2 deep elf pyromancers (D:15)
  5 cyclopes
  A manticore (D:11)
  4 salamanders (Snake:2)
  2 salamanders (shapeshifter)
  A kobold blastminer (Orc:1)
  20 black mambas
  Joseph (Lair:1)
  A dire elephant zombie (Lair:5)
  8 naga magi
  3 centaur zombies (D:15)
  5 guardian serpents
  5 elephants
  2 gargoyles
  4 rime drakes
  5 yaktaurs (D:12)
  3 cane toads
  2 unseen horrors
  2 kobold demonologists
  6 komodo dragons
  6 tengu conjurers
  2 efreet
  A freezing wraith (D:15)
  14 trolls
  A troll (shapeshifter) (D:15)
  A polar bear (Lair:4)
  Grinder (D:5)
  A spectral elephant (Lair:5)
  12 blink frogs
  A tarantella (shapeshifter) (D:14)
  5 dream sheep
  3 spriggans (Bailey)
  14 slime creatures
  2 wraiths
  2 water elementals (D:14)
  27 yaks
  A basilisk (Lair:1)
  A fire bat (Bailey)
  5 wyverns
  2 redbacks (D:12)
  13 vampire mosquitoes
  A steam dragon (D:6)
  A warg (Orc:1)
  22 nagas
  2 spectral cane toads (Lair:5)
  3 acid dragons
  6 water moccasins
  An ice beast (D:5)
  3 sky beasts
  2 orc warriors
  A black bear (D:6)
  A boggart (D:4)
  An elephant zombie (Lair:5)
  17 ogres
  9 wolves
  6 centaurs
  3 kobold brigands
  7 bullfrogs
  4 scorpions
  A wight (D:8)
  2 howler monkeys
  2 electric eels
  2 bombardier beetles (D:5)
  4 gnoll boudas
  A hound (D:7)
  5 jellies
  5 orc priests
  Jessica (D:15)
  3 iguanas
  3 orc wizards
  15 adders
  12 gnolls
  A river rat (D:6)
  A shadow imp (D:6)
  5 ufetubi
  2 dart slugs
  3 ribbon worms (D:2)
  8 orcs
  6 ball pythons
  8 endoplasms
  4 giant cockroaches
  6 goblins
  5 hobgoblins
  2 quokkas
  7 bats
  A frilled lizard (D:1)
  17 kobolds
  3 rats
506 creatures vanquished.

Vanquished Creatures (collateral kills)
  A stone giant (Orc:2)
  3 dire elephants (Lair:5)
  3 hydras
  2 catoblepae
  3 centaur warriors
  5 anacondas
  A two-headed ogre (Orc:2)
  2 tengu warriors (D:15)
  A shock serpent (Snake:2)
  9 naga sharpshooters
  9 naga warriors
  A salamander mystic (Snake:2)
  5 skeletal warriors
  A skyshark (Lair:4)
  4 naga ritualists
  4 mana vipers
  An obsidian statue (Lair:5)
  2 necromancers (Lair:5)
  A centaur zombie (D:15)
  3 elephants (Lair:5)
  9 salamanders
  7 naga magi
  A kobold blastminer (Orc:1)
  A torpor snail (Lair:3)
  2 guardian serpents
  A gargoyle (D:12)
  13 black mambas
  An unseen horror (shapeshifter) (D:14)
  Maggie (Lair:1)
  A rime drake (Lair:5)
  8 cane toads
  An efreet (D:15)
  5 komodo dragons
  7 trolls
  A hornet (D:8)
  A polar bear (Lair:5)
  23 blink frogs
  3 dream sheep
  2 wyverns
  18 yaks
  3 basilisks
  A vampire mosquito (D:13)
  2 wargs
  A death yak simulacrum (Lair:5)
  5 water moccasins
  28 nagas
  An orc warrior (D:10)
  8 ogres
  4 centaurs
  8 wolves
  4 bullfrogs
  A cane toad simulacrum (Lair:5)
  3 wights (D:8)
  An electric eel (Lair:4)
  A bombardier beetle (D:6)
  3 orc priests
  A hound (D:6)
  2 gnoll boudas
  An iguana (D:6)
  3 orc wizards
  11 gnolls
  An adder (D:6)
  A white imp (D:6)
  2 ufetubi
  5 orcs
  3 training dummies (Orc:2)
271 creatures vanquished.

Vanquished Creatures (others)
  A deep troll (Orc:2)
  10 orc apostles
  A komodo dragon (Lair:1)
  An orc warrior (D:15)
  3 orc priests
  3 orc wizards
  15 orcs
34 creatures vanquished.

Grand Total: 811 creatures vanquished

Notes
Turn   | Place    | Note
-------+----------+-------------------------------------------
     0 | D:1      | Gadrel the Draconian Monk began the quest for the Orb.
     0 | D:1      | Reached XP level 1. HP: 19/19 MP: 1/1
   225 | D:1      | Reached XP level 2. HP: 23/26 MP: 2/2
   674 | D:1      | Reached skill level 4 in Fighting
   707 | D:2      | Reached XP level 3. HP: 33/33 MP: 3/3
   758 | D:2      | Reached skill level 4 in Maces & Flails
   811 | D:2      | Reached skill level 1 in Evocations
  1042 | D:2      | Reached XP level 4. HP: 40/40 MP: 4/4
  1543 | D:3      | Found a burning altar of Makhleb.
  1636 | D:3      | Found a faded altar of an unknown god.
  1819 | D:3      | Found a roughly hewn altar of Beogh.
  1836 | D:3      | Reached skill level 2 in Evocations
  1836 | D:3      | Reached XP level 5. HP: 36/47 MP: 5/5
  1850 | D:3      | Became a worshipper of Beogh the Shepherd
  1850 | D:3      | Reached * piety under Beogh
  1850 | D:3      | Reached ** piety under Beogh
  2201 | D:4      | Found Cofodeow's Jewellery Emporium.
  2206 | D:4      | Reached skill level 5 in Fighting
  2206 | D:4      | Reached skill level 1 in Invocations
  2248 | D:4      | Found Roeff's Armour Shop.
  2353 | D:4      | Found a staircase to the Ecumenical Temple.
  2394 | D:4      | Noticed an ogre
  2395 | D:4      | an ogre changed into a boggart
  2395 | D:4      | Noticed a boggart
  2412 | D:4      | Killed a boggart
  2413 | D:4      | Reached skill level 5 in Maces & Flails
  2413 | D:4      | Reached skill level 2 in Invocations
  2413 | D:4      | Reached XP level 6. HP: 56/56 MP: 7/7
  2469 | D:4      | Found Nysecaif's General Store.
  2506 | D:4      | Bought a scroll of blinking for 90 gold pieces
  2559 | D:4      | Found a faded altar of an unknown god.
  2559 | D:4      | Found a faded altar of an unknown god.
  2566 | D:4      | Found a basalt altar of Yredelemnul.
  2568 | D:4      | Found a bloodstained altar of Trog.
  2570 | D:4      | Found a white marble altar of Elyvilon.
  2628 | D:4      | Found Niepp's Armour Boutique.
  2710 | D:4      | Found a shadowy altar of Dithmenos.
  2832 | D:5      | Entered Level 5 of the Dungeon
  2846 | D:5      | Noticed Edmund
  2847 | D:5      | Edmund changed into Edmund the bombardier beetle
  2847 | D:5      | Noticed Edmund
  2849 | D:5      | Killed Edmund the bombardier beetle
  2864 | D:5      | Reached skill level 1 in Shields
  2864 | D:5      | Reached skill level 3 in Invocations
  2905 | D:5      | Your scales start taking on a rich purple colour.
  2905 | D:5      | Reached XP level 7. HP: 61/61 MP: 9/9
  2978 | D:5      | Reached skill level 2 in Shields
  2986 | D:5      | Noticed Grinder
  2995 | D:5      | Killed Grinder
  2996 | D:5      | Reached skill level 6 in Maces & Flails
  2996 | D:5      | Reached skill level 4 in Invocations
  3072 | D:5      | You fall into a shaft and drop 2 floors!
  3133 | D:7      | Reached skill level 3 in Shields
  3161 | D:7      | Found a flagged portal.
  3182 | D:7      | Reached XP level 8. HP: 27/68 MP: 11/11
  3207 | Bailey   | Entered a bailey
  3242 | Bailey   | Reached skill level 5 in Invocations
  3242 | Bailey   | Reached skill level 3 in Evocations
  3248 | Bailey   | Reached skill level 4 in Shields
  3282 | Bailey   | Reached skill level 7 in Maces & Flails
  3296 | Bailey   | Reached skill level 5 in Shields
  3335 | Bailey   | Reached skill level 8 in Maces & Flails
  3410 | Bailey   | Reached skill level 6 in Invocations
  3436 | Bailey   | Reached XP level 9. HP: 74/74 MP: 6/13
  3438 | Bailey   | Noticed a two-headed ogre
  3438 | Bailey   | Identified the +9 quarterstaff of Entrepreneurial Spirit
                  | {drain, rPois MP+9}
  3438 | Bailey   | Identified the +8 ice dragon scales of Limaurphoyf {rF-
                  | rC++ Str+4 Stlth+}
  3441 | Bailey   | Killed a two-headed ogre
  3442 | Bailey   | Reached skill level 6 in Fighting
  3442 | Bailey   | Reached skill level 6 in Shields
  3465 | Bailey   | Reached skill level 7 in Shields
  3839 | D:6      | Reached skill level 8 in Shields
  3873 | D:6      | Identified the +9 flail of Fate {antimagic, Str+2}
  3962 | D:6      | Found a hide-covered altar of Uskayaw.
  4031 | D:6      | Found a glowing drain.
  4035 | Sewer    | Entered a sewer
  4588 | D:5      | Reached *** piety under Beogh
  4621 | D:5      | Identified the +6 mace "Demonslayer" {antimagic, Str+3
                  | Dex+3}
  4621 | D:5      | Noticed Zartorak
  4635 | D:5      | Anointed Zartorak the priest as your apostle
  4921 | D:5      | Found a glowing golden altar of the Shining One.
  5181 | D:6      | Reached XP level 10. HP: 83/83 MP: 4/14
  5402 | D:6      | Reached skill level 9 in Shields
  5432 | D:6      | Noticed a rust devil
  5434 | D:6      | Reached skill level 9 in Maces & Flails
  5766 | D:7      | Noticed Spirok
  5778 | D:7      | Anointed Spirok the wizard as your apostle
  6266 | D:8      | Reached **** piety under Beogh
  6267 | D:8      | Reached skill level 7 in Fighting
  6308 | D:8      | Found a sparkling altar of Nemelex Xobeh.
  6509 | D:9      | Reached skill level 10 in Maces & Flails
  6509 | D:9      | Reached skill level 10 in Shields
  6530 | D:9      | Found an ornate altar of the Wu Jian Council.
  7142 | D:10     | Entered Level 10 of the Dungeon
  7152 | D:10     | Reached skill level 4 in Evocations
  7165 | D:10     | Reached skill level 7 in Invocations
  7165 | D:10     | Reached XP level 11. HP: 39/94 MP: 5/16
  7181 | D:10     | Found a staircase to the Lair.
  7287 | D:10     | Noticed a two-headed ogre
  7294 | D:10     | Killed a two-headed ogre
  7295 | D:10     | Reached skill level 8 in Fighting
  7295 | D:10     | Reached skill level 5 in Evocations
  7563 | D:10     | Found a staircase to the Orcish Mines.
  7635 | D:10     | Found a blossoming altar of Fedhas.
  7908 | Lair:1   | Entered Level 1 of the Lair of Beasts
  7967 | Lair:1   | Noticed Maggie
  7972 | Lair:1   | Reached skill level 8 in Invocations
  7980 | Lair:1   | Killed Maggie
  7981 | Lair:1   | Reached skill level 9 in Fighting
  8069 | Lair:1   | Reached ***** piety under Beogh
  8113 | Lair:1   | Noticed Sonja
  8116 | Lair:1   | Sonja changed into Sonja the wyvern
  8116 | Lair:1   | Noticed Sonja
  8120 | Lair:1   | Killed Sonja the wyvern
  8163 | Lair:1   | Reached skill level 9 in Invocations
  8171 | Lair:1   | Noticed Joseph
  8179 | Lair:1   | Reached skill level 10 in Fighting
  8193 | Lair:1   | Identified the +7 great sword "Bakhiymp" {flame, rCorr
                  | Int+4 Dex-3}
  8193 | Lair:1   | Noticed Gorm
  8202 | Lair:1   | Reached skill level 10 in Invocations
  8270 | Lair:1   | Gained mutation: You possess an exceptional clarity of
                  | mind. [potion of mutation]
  8271 | Lair:1   | Your ally Spirok died
  8278 | Lair:1   | HP: 26/148 [Gorm the orc apostle/the +7 great sword
                  | "Bakhiymp" {flame, rCorr Int+4 Dex-3} (12)]
  8281 | Lair:1   | Killed Joseph
  8282 | Lair:1   | Reached skill level 11 in Shields
  8282 | Lair:1   | HP: 11/148 [Gorm the orc apostle/the +7 great sword
                  | "Bakhiymp" {flame, rCorr Int+4 Dex-3} (21)]
  8295 | Lair:1   | HP: 14/99 [bullfrog (2)]
  8297 | Lair:1   | Anointed Gorm the warrior as your apostle
  8497 | Lair:1   | Reached XP level 12. HP: 106/106 MP: 6/19
  9420 | Lair:2   | Reached skill level 12 in Shields
  9437 | Lair:2   | Reached skill level 11 in Maces & Flails
  9781 | Lair:2   | Identified the +0 rapier of Lachrymose Subterfuge {flame,
                  | rPois}
  9908 | Lair:2   | Found a staircase to the Snake Pit.
 10041 | Lair:3   | Noticed a catoblepas
 10058 | Lair:3   | Your ally Gorm died
 10068 | Lair:3   | HP: 25/106 [catoblepas (5)]
 10072 | Lair:3   | Killed a catoblepas
 10235 | Lair:3   | Identified a scroll of acquirement
 10236 | Lair:3   | Acquired a ring of protection from cold
 10265 | Lair:3   | Noticed a seven-headed hydra
 10273 | Lair:3   | Killed a seven-headed hydra
 10406 | Lair:3   | Reached skill level 13 in Shields
 10413 | Lair:3   | Reached skill level 12 in Maces & Flails
 10754 | Lair:3   | Found a staircase to the Swamp.
 11093 | Lair:4   | Reached XP level 13. HP: 105/113 MP: 6/20
 11913 | Lair:5   | Entered Level 5 of the Lair of Beasts
 11923 | Lair:5   | Reached ****** piety under Beogh
 11928 | Lair:5   | Reached skill level 13 in Maces & Flails
 11952 | Lair:5   | Your ally Spirok died
 11954 | Lair:5   | Reached skill level 14 in Shields
 12048 | Lair:5   | Noticed Blodwig
 12069 | Lair:5   | Anointed Blodwig the priest as your apostle
 12253 | Lair:5   | Found a staircase to the Slime Pits.
 12579 | Lair:5   | Reached skill level 14 in Maces & Flails
 12670 | Lair:5   | Reached skill level 15 in Shields
 12694 | Lair:5   | Noticed a dire elephant
 12695 | Lair:5   | Noticed a dire elephant
 12696 | Lair:5   | Noticed a dire elephant
 12706 | Lair:5   | Noticed a dire elephant
 12717 | Lair:5   | Your ally Gorm died
 12719 | Lair:5   | Killed a dire elephant
 12720 | Lair:5   | Reached skill level 6 in Evocations
 12749 | Lair:5   | Found the +4 Cigotuvi's embrace {Corpsefed rMiasma ^Drain
                  | rN+}
 12925 | Lair:5   | Reached skill level 7 in Evocations
 12969 | Lair:5   | Reached XP level 14. HP: 65/119 MP: 7/21
 13101 | Lair:5   | Reached skill level 8 in Evocations
 13301 | Lair:5   | Reached skill level 9 in Evocations
 13352 | Lair:5   | HP: 29/116 [necromancer/bolt of negative energy (28)]
 13352 | Lair:5   | HP: 2/116 [dire elephant simulacrum[a necromancer] (27)]
 13491 | Lair:5   | Identified the +10 long sword "Owirhikheq" {venom, rElec
                  | Str+2 Stlth+}
 13915 | Orc:1    | Entered Level 1 of the Orcish Mines
 14104 | Orc:1    | Found a roughly hewn altar of Beogh.
 14410 | Orc:2    | Entered Level 2 of the Orcish Mines
 14420 | Orc:2    | Found a staircase to the Elven Halls.
 14450 | Orc:2    | Reached skill level 10 in Evocations
 14555 | Orc:2    | Found Luprusoi's Firing Range.
 14665 | Orc:2    | Found Muaheyni's Antique Weapon Shop.
 14666 | Orc:2    | Noticed a stone giant
 14675 | Orc:2    | Reached skill level 3 in Dodging
 14675 | Orc:2    | Killed a stone giant
 14684 | Orc:2    | Your ally Gorm died
 14695 | Orc:2    | Your ally Zartorak died
 14698 | Orc:2    | Your ally Blodwig died
 14704 | Orc:1    | Reached skill level 4 in Dodging
 14994 | Orc:1    | Reached skill level 1 in Spellcasting
 15106 | Orc:1    | Reached skill level 2 in Spellcasting
 15187 | Orc:1    | Reached skill level 11 in Fighting
 15287 | Orc:2    | Reached skill level 3 in Spellcasting
 15322 | Orc:2    | Found Ojuanit's Distillery.
 15327 | Orc:2    | Found Azuhequh's Magic Scroll Boutique.
 15328 | Orc:2    | Found Boyt's Jewellery Boutique.
 15330 | Orc:2    | Bought a potion of attraction for 39 gold pieces
 15330 | Orc:2    | Bought a potion of degeneration for 13 gold pieces
 15350 | Orc:2    | Reached skill level 5 in Dodging
 15356 | Orc:2    | Bought a scroll of torment for 161 gold pieces
 15356 | Orc:2    | Bought a scroll of identify for 34 gold pieces
 15716 | D:4      | Bought a +1 cloak for 161 gold pieces
 16450 | D:11     | Noticed a frost giant
 16509 | D:11     | Killed a frost giant
 16706 | D:12     | Biggs: At the dawn, he woke, he was alone... rising
 16714 | D:12     | Biggs: Gadrel, realising
 16715 | D:12     | Anointed Brunolf the warrior as your apostle
 16800 | D:12     | Reached skill level 6 in Dodging
 16958 | D:12     | Reached skill level 12 in Fighting
 16958 | D:12     | Biggs: Gadre has done bent the edge and turned it around to
                  | where the result is kind of blinding
 17080 | D:12     | Biggs: the random number god rolls are... random
 17087 | D:12     | Reached skill level 1 in Hexes
 17089 | D:12     | Biggs: If you rest in time to blow one's mind turns the
                  | tables if regen+ is in play
 17089 | D:12     | Was placed under penance by Beogh
 17092 | D:12     | Reached skill level 2 in Hexes
 17092 | D:12     | Reached XP level 15. HP: 103/132 MP: 1/22
 17093 | D:12     | Reached skill level 4 in Spellcasting
 17093 | D:12     | Biggs: I drink the fuck out of bluemoons while i watch you
 17096 | D:12     | Gadrel: I could use a jai alai
 17101 | D:12     | Reached skill level 3 in Hexes
 17105 | D:12     | Biggs: sounds like an arabian beer..
 17121 | D:12     | Gadrel: miami
 17180 | D:12     | Biggs: my little brother left his DMT kit over here a few
                  | weeks ago
 17249 | D:12     | Biggs: lol
 17284 | D:12     | Found Neguilal's Weapon Shoppe.
 17389 | D:12     | Biggs: i'm the one htat taught him how to make it
 17393 | D:12     | Biggs: right now seems like prime time
 17399 | D:12     | Reached skill level 5 in Spellcasting
 17520 | D:12     | Biggs: for dmt hit
 17520 | D:12     | Biggs: heh
 17549 | D:13     | Was forgiven by Beogh
 17552 | D:13     | Reached skill level 4 in Hexes
 17575 | D:13     | Found Asymayw's Armour Shoppe.
 17612 | D:13     | Found a portal to a secret trove of treasure.
 17685 | D:13     | Found Orghot's General Store.
 17723 | D:13     | Your ally Brunolf died
 17918 | D:13     | Acquired a +4 demon whip of venom
 17920 | D:13     | Biggs: god i hate doing this when i'm drinking but man... i
                  | don't like doing it sober anymore either
 17921 | D:13     | Biggs: dmt is weird
 18079 | D:13     | Biggs: about to take that ride
 18169 | D:13     | Found a runed translucent door.
 18173 | D:13     | Found Ugudab's Globular Garage.
 18198 | D:13     | Found Acem's Antique Armour Shoppe.
 18206 | D:13     | Bought an embroidered cloak for 202 gold pieces
 18239 | D:13     | Biggs: see you on the other side in 10 minutes
 18659 | D:13     | Found Luamokk's Armour Shoppe.
 18687 | D:13     | Found Helynt's Magic Scroll Shop.
 18690 | D:13     | Bought 2 scrolls of fear for 128 gold pieces
 18752 | D:13     | You paid a toll of 4 scrolls of fear to enter a treasure
                  | trove
 18753 | Trove    | Entered a treasure trove
 18762 | Trove    | Identified the ring "Anutuss" {AC+4 Str+3}
 18764 | Trove    | Identified the ring "Anat" {rF+ Str+8}
 18773 | Trove    | Identified the amulet "Yvvu" {Spirit Rampage rN+ Int+3}
 18776 | Trove    | Identified the ring "Bionorgh" {rElec rF+ Int+2}
 18781 | Trove    | Identified the ring of Propriety {rN+ Str-3 Int+5}
 18783 | Trove    | Identified the ring of Zien {rPois Str+3 Dex+6 SInv}
 18791 | Trove    | Identified the ring "Xoklibaph" {Wiz rPois Slay+3}
 18910 | D:13     | Reached skill level 6 in Spellcasting
 18910 | D:13     | Reached skill level 5 in Hexes
 19017 | D:13     | Bought a scroll of immolation for 64 gold pieces
 19053 | D:13     | Bought the sphere of Battle for 1120 gold pieces
 19053 | D:13     | Found the sphere of Battle
 19055 | D:13     | Learned a level 1 spell: Magic Dart
 19195 | D:14     | Reached skill level 1 in Conjurations
 19323 | D:14     | Found a gate to the Vaults.
 19372 | D:14     | Reached skill level 7 in Spellcasting
 19372 | D:14     | Reached skill level 2 in Conjurations
 19389 | D:14     | Biggs: man, that was out of this world. Made me realize
                  | that I need to be helping my little brother more create his
                  | business
 19412 | D:14     | Biggs: Also made me realize how much of a loser I am
 19446 | D:14     | Biggs: playing this game with no social life outside of
                  | work
 19499 | D:14     | Biggs: drink beer and talk to people here, even troll
                  | sometimes
 19544 | D:14     | Reached skill level 3 in Conjurations
 19712 | D:14     | Biggs: Sorry for any interrupt I've caused you
 19926 | D:14     | Reached skill level 4 in Conjurations
 19931 | D:14     | Your ally Gorm died
 19933 | D:14     | Reached skill level 8 in Spellcasting
 19972 | D:15     | Entered Level 15 of the Dungeon
 20362 | D:15     | Reached skill level 5 in Conjurations
 20362 | D:15     | HP: 24/132 [skeletal warrior/+0 trident (16)]
 20382 | D:15     | Your ally Brunolf died
 20506 | D:15     | Reached skill level 9 in Spellcasting
 20945 | D:15     | Reached skill level 6 in Conjurations
 21034 | D:15     | Found a staircase to the Depths.
 21065 | D:15     | Found a sparkling altar of Nemelex Xobeh.
 21065 | D:15     | Noticed Jessica
 21068 | D:15     | Killed Jessica
 21344 | Snake:1  | Entered Level 1 of the Snake Pit
 21378 | Snake:1  | Found Sudefaer's Assorted Antiques.
 21386 | Snake:1  | Bought a pair of steaming gloves for 228 gold pieces
 21386 | Snake:1  | Identified the +1 pair of gloves of Wariness {rElec} (You
                  | bought it in a shop on level 1 of the Snake Pit)
 21407 | Snake:1  | Learned a level 5 spell: Irradiate
 21414 | Snake:1  | Learned a level 6 spell: Bombard
 21420 | Snake:1  | Learned a level 5 spell: Yara's Violent Unravelling
 21447 | Snake:1  | Reached XP level 16. HP: 110/139 MP: 9/29
 21464 | Snake:1  | Reached skill level 10 in Spellcasting
 21616 | Snake:1  | Reached skill level 7 in Conjurations
 21617 | Snake:1  | HP: 20/139 [naga/+0 halberd (18)]
 21619 | Snake:1  | HP: 9/139 [guardian serpent (16)]
 21624 | Snake:1  | HP: 24/139 [naga warrior/splash of poison (3)]
 21793 | Snake:1  | Found Irhaz's General Store.
 21952 | Snake:1  | Reached skill level 8 in Conjurations
 21967 | Snake:1  | HP: 31/139 [salamander/+0 spear (7)]
 21972 | Snake:1  | HP: 23/139 [poisoned by a naga ritualist (toxic radiance)]
 21977 | Snake:1  | HP: 24/139 [poisoned by a naga ritualist (toxic radiance)]
 22124 | Snake:1  | Reached skill level 9 in Conjurations
 22411 | Snake:1  | Found Loshucaz's Jewellery Emporium.
 22508 | Snake:1  | Found Houph's Assorted Antiques.
 22571 | Snake:2  | Reached skill level 10 in Conjurations
 22584 | Snake:2  | Reached skill level 1 in Alchemy
 22588 | Snake:2  | Reached skill level 2 in Alchemy
 22615 | Snake:2  | Anointed Grimold the warrior as your apostle
 22804 | Snake:2  | Identified the +2 quarterstaff "Asipseyh" {drain, Int+3
                  | Dex+4 Stlth+}
 22806 | Snake:2  | Reached skill level 3 in Alchemy
 22851 | Snake:2  | Reached skill level 4 in Alchemy
 23008 | Snake:2  | Reached skill level 6 in Hexes
 23014 | Snake:2  | Reached skill level 5 in Alchemy
 23468 | Snake:2  | Reached skill level 7 in Hexes
 23473 | Snake:2  | HP: 31/139 [naga sharpshooter/arrow (19)]
 23474 | Snake:2  | Reached skill level 6 in Alchemy
 24414 | Snake:3  | Found Quunud's Book Shoppe.
 24451 | Snake:3  | Reached skill level 8 in Hexes
 24659 | Snake:4  | Entered Level 4 of the Snake Pit
 24682 | Snake:4  | Reached skill level 7 in Alchemy
 24859 | Snake:4  | Reached XP level 17. HP: 144/146 MP: 20/31
 24904 | Snake:4  | Reached skill level 9 in Hexes
 24992 | Snake:4  | Reached skill level 8 in Alchemy
 25189 | Snake:4  | Reached skill level 10 in Hexes
 25190 | Snake:4  | Reached skill level 1 in Earth Magic
 25379 | Snake:4  | Reached skill level 2 in Earth Magic
 25521 | Snake:4  | Reached skill level 3 in Earth Magic
 25531 | Snake:4  | Reached skill level 4 in Earth Magic
 25538 | Snake:4  | HP: 29/146 [naga sharpshooter/splash of poison (12)]
 25539 | Snake:4  | Shot with an arrow by a naga sharpshooter

Illustrated notes

Levels and vault maps discovered:
D:1:      psy_arrival_statuary, layout_basic
D:2:      layout_rooms, reono_crystal_passage
D:3:      layout_loops_ring, general_overflow_altar,
          ebering_ecumenical_altar_box, kennysheep_orc_chapel
D:4:      layout_loops_cross, chequers_temple_overflow_minitemple,
          mainiacjoe_overflow_paths, minmay_temple_entry_hall, serial_shops,
          nicolae_square_shop, shop_fountains, shop, shop_statue
D:5:      layout_basic, mainiacjoe_overflow_alcove_2, uniq_edmund, uniq_grinder
D:6:      kennysheep_windowed_halls, layout_gridville,
          eat_drink_and_be_merry_uskayaw, gup_sewer_entry_bowl, minivault_22
D:7:      layout_loops_ring, enter_bailey_6, grunt_ministairs_8,
          kennysheep_decorative_pillar
D:8:      layout_gridville, overflow_temple_1_default, dreamdust_princess_bridge
D:9:      layout_gridville, nicolae_wu_jian_wuxing_cycle, minmay_misc_feat_x,
          hangedman_decor_growths, minivault_16
D:10:     layout_long_grid, mainiacjoe_overflow_alcove_4,
          erik_lair_orcish_takeover, hiddenorc1_lemuel
D:11:     layout_loops_ring, kennysheep_just_a_vault
D:12:     layout_loops_ring, serial_shops, shop, grunt_potential
D:13:     layout_loops_corners, nicolae_trove_entry_diagonal, serial_shops,
          nicolae_shop_crystal, shop, nicolae_shop_tiny_real_fake_doors, shop,
          nicolae_shop_crystal, tekkud_shop_of_orbs
D:14:     layout_basic, hellmonk_vaults_order_and_chaos
D:15:     grunt_enter_depths_magical_seal, layout_irregular_city,
          nemelex_lonely_heart_becter
Lair:1:   layout_cave_pods, grunt_megastairs_2, uniq_joseph, uniq_sonja,
          uniq_maggie
Lair:2:   layout_regular_city, nicolae_snake_entry_squirm, hibernation_bobbens
Lair:3:   layout_regular_city, swamp_mist, st_stairs_10, minivault_23
Lair:4:   layout_regular_city, infiniplex_staircase_pool
Lair:5:   due_jungle_book, layout_regular_city, slime_entry_1
Snake:1:  layout_misc_corridors, serial_shops, nicolae_shop_rolling_square,
          nicolae_shop_advertising_works [nicolae_subvault_shop_adworks],
          nicolae_shop_peninsula, shop
Snake:2:  layout_layer_cave, special_room, serial_bayou_shore_a
Snake:3:  layout_onion_interference, nicolae_snake_round_shape_thing,
          nicolae_stop_n_shop_1
Snake:4:  grunt_snake_rune_serpentine_throne, layout_onion
Orc:1:    layout_caves, basic_altar, regret_index_minedec_shroomtown_chain
Orc:2:    st_orc_open, layout_caves, nicolae_shop_firing_range

Skill      XL: |  1  2  3  4  5  6  7  8  9 10 11 12 13 14 15 16 17 |
---------------+----------------------------------------------------+-----
Fighting       | 4 5 6 7 10 12 | 12.0
Maces & Flails | 4 5 6 8 10 12 14 | 14.0
Evocations     | 1 2 3 4 5 7 10 | 10.0
Invocations    | 2 3 4 6 7 10 | 10.0
Shields        | 1 3 5 8 10 11 13 15 | 15.0
Dodging        | 6 |  6.5
Spellcasting   | 3 9 10 | 10.0
Hexes          | 2 5 8 10 | 10.0
Conjurations   | 6 10 | 10.0
Alchemy        | 7 8 |  8.0
Earth Magic    | 4 |  4.0

Action                     |  1- 3 |  4- 6 |  7- 9 | 10-12 | 13-15 | 16-18 || total
---------------------------+-------+-------+-------+-------+-------+-------++-------
  Melee: Mace              |    64 |    50 |   113 |       |       |       ||   227
         Tailslap          |    13 |    26 |    31 |    61 |   188 |    57 ||   376
         Whip              |       |    44 |       |       |       |       ||    44
         Flail             |       |     1 |   148 |   426 |   639 |       ||  1214
         Demon whip        |       |       |       |       |   294 |   256 ||   550
   Fire: Sling             |       |       |       |     5 |       |       ||     5
  Throw: Stone             |     7 |     1 |     2 |     8 |       |       ||    18
         Dart              |       |       |     3 |       |     2 |       ||     5
   Cast: Magic Dart        |       |       |       |       |    79 |   181 ||   260
         Yara's Violent Un |       |       |       |       |     3 |    22 ||    25
         Irradiate         |       |       |       |       |       |     4 ||     4
 Invoke: Smiting           |       |       |     8 |       |    11 |       ||    19
         Recruit Apostle   |       |       |     1 |     2 |     2 |     1 ||     6
         Recall Apostles   |       |       |       |     5 |     9 |     3 ||    17
         Dismiss Apostle   |       |       |       |       |     2 |     1 ||     3
Ability: Nullifying Breath |       |       |     4 |     3 |     4 |       ||    11
  Evoke: Wand              |       |     2 |     4 |     8 |    11 |       ||    25
         Box of beasts     |       |       |       |     1 |     1 |       ||     2
         Tin of tremorston |       |       |       |       |     2 |       ||     2
         Phantom mirror    |       |       |       |       |     1 |       ||     1
    Use: Scroll            |       |     5 |     6 |     6 |    14 |     2 ||    33
         Potion            |       |       |       |     8 |     2 |     2 ||    12
   Stab: Sleeping          |       |       |     1 |       |       |       ||     1
         Distracted        |       |       |       |    14 |    12 |     6 ||    32
         Petrifying        |       |       |       |     1 |       |       ||     1
         Petrified         |       |       |       |     1 |       |       ||     1
 Armour: Skin              |    37 |    55 |   172 |   235 |   506 |   279 ||  1284
  Dodge: Dodged            |    44 |    44 |   126 |   250 |   430 |   154 ||  1048
  Block: Kite shield       |       |     6 |   155 |   271 |   402 |       ||   834

Table legend: (Time is in decaauts)
 A = Elapsed time spent in this place.
 B = Non-inter-level travel time spent in this place.
 C = Inter-level travel time spent in this place.
 D = Time resting spent in this place.
 E = Time spent auto-exploring this place.
 F = Levels seen in this place.
 G = Mean time per level.
                   A        B        C        D        E       F      G
               +--------+--------+--------+--------+--------+-----+--------+
         Total |  25248 |  23661 |   1587 |    719 |  17766 |  29 |  870.6 |
       Dungeon |  12871 |  11778 |   1093 |    236 |   9079 |  15 |  858.1 |
          Lair |   6061 |   5660 |    401 |    163 |   4388 |   5 | 1212.2 |
     Snake Pit |   3978 |   3931 |     47 |      0 |   3064 |   4 |  994.5 |
  Orcish Mines |   1569 |   1526 |     43 |    294 |    868 |   2 |  784.5 |
         Trove |     46 |     46 |      0 |      0 |      0 |   1 |   46.0 |
         Sewer |    258 |    258 |      0 |      0 |    142 |   1 |  258.0 |
        Bailey |    462 |    462 |      0 |     26 |    224 |   1 |  462.0 |
               +--------+--------+--------+--------+--------+-----+--------+

Top non-repeatable levels by time:
  Lair:5: 1786 daAuts
    D:13: 1484 daAuts
 Snake:2: 1389 daAuts
  Lair:1: 1279 daAuts
    D:15: 1090 daAuts
 Snake:1: 1089 daAuts
  Lair:2: 1067 daAuts
  Lair:3: 1027 daAuts
    D:10: 967 daAuts
     D:6: 953 daAuts
     D:7: 937 daAuts
     D:3: 936 daAuts
     D:5: 904 daAuts
  Lair:4: 900 daAuts
    D:12: 883 daAuts

Levels and vault maps discovered:
D:1:      psy_arrival_statuary, layout_basic
D:2:      layout_rooms, reono_crystal_passage
D:3:      layout_loops_ring, general_overflow_altar,
          ebering_ecumenical_altar_box, kennysheep_orc_chapel
D:4:      layout_loops_cross, chequers_temple_overflow_minitemple,
          mainiacjoe_overflow_paths, minmay_temple_entry_hall, serial_shops,
          nicolae_square_shop, shop_fountains, shop, shop_statue
D:5:      layout_basic, mainiacjoe_overflow_alcove_2, uniq_edmund, uniq_grinder
D:6:      kennysheep_windowed_halls, layout_gridville,
          eat_drink_and_be_merry_uskayaw, gup_sewer_entry_bowl, minivault_22
D:7:      layout_loops_ring, enter_bailey_6, grunt_ministairs_8,
          kennysheep_decorative_pillar
D:8:      layout_gridville, overflow_temple_1_default, dreamdust_princess_bridge
D:9:      layout_gridville, nicolae_wu_jian_wuxing_cycle, minmay_misc_feat_x,
          hangedman_decor_growths, minivault_16
D:10:     layout_long_grid, mainiacjoe_overflow_alcove_4,
          erik_lair_orcish_takeover, hiddenorc1_lemuel
D:11:     layout_loops_ring, kennysheep_just_a_vault
D:12:     layout_loops_ring, serial_shops, shop, grunt_potential
D:13:     layout_loops_corners, nicolae_trove_entry_diagonal, serial_shops,
          nicolae_shop_crystal, shop, nicolae_shop_tiny_real_fake_doors, shop,
          nicolae_shop_crystal, tekkud_shop_of_orbs
D:14:     layout_basic, hellmonk_vaults_order_and_chaos
D:15:     grunt_enter_depths_magical_seal, layout_irregular_city,
          nemelex_lonely_heart_becter
Lair:1:   layout_cave_pods, grunt_megastairs_2, uniq_joseph, uniq_sonja,
          uniq_maggie
Lair:2:   layout_regular_city, nicolae_snake_entry_squirm, hibernation_bobbens
Lair:3:   layout_regular_city, swamp_mist, st_stairs_10, minivault_23
Lair:4:   layout_regular_city, infiniplex_staircase_pool
Lair:5:   due_jungle_book, layout_regular_city, slime_entry_1
Snake:1:  layout_misc_corridors, serial_shops, nicolae_shop_rolling_square,
          nicolae_shop_advertising_works [nicolae_subvault_shop_adworks],
          nicolae_shop_peninsula, shop
Snake:2:  layout_layer_cave, special_room, serial_bayou_shore_a
Snake:3:  layout_onion_interference, nicolae_snake_round_shape_thing,
          nicolae_stop_n_shop_1
Snake:4:  grunt_snake_rune_serpentine_throne, layout_onion
Orc:1:    layout_caves, basic_altar, regret_index_minedec_shroomtown_chain
Orc:2:    st_orc_open, layout_caves, nicolae_shop_firing_range

Table legend: (Time is in decaauts)
 A = Elapsed time spent in this place.
 B = Non-inter-level travel time spent in this place.
 C = Inter-level travel time spent in this place.
 D = Time resting spent in this place.
 E = Time spent auto-exploring this place.
 F = Levels seen in this place.
 G = Mean time per level.
                   A        B        C        D        E       F      G
               +--------+--------+--------+--------+--------+-----+--------+
         Total |  25248 |  23661 |   1587 |    719 |  17766 |  29 |  870.6 |
       Dungeon |  12871 |  11778 |   1093 |    236 |   9079 |  15 |  858.1 |
          Lair |   6061 |   5660 |    401 |    163 |   4388 |   5 | 1212.2 |
     Snake Pit |   3978 |   3931 |     47 |      0 |   3064 |   4 |  994.5 |
  Orcish Mines |   1569 |   1526 |     43 |    294 |    868 |   2 |  784.5 |
         Trove |     46 |     46 |      0 |      0 |      0 |   1 |   46.0 |
         Sewer |    258 |    258 |      0 |      0 |    142 |   1 |  258.0 |
        Bailey |    462 |    462 |      0 |     26 |    224 |   1 |  462.0 |
               +--------+--------+--------+--------+--------+-----+--------+

Top non-repeatable levels by time:
  Lair:5: 1786 daAuts
    D:13: 1484 daAuts
 Snake:2: 1389 daAuts
  Lair:1: 1279 daAuts
    D:15: 1090 daAuts
 Snake:1: 1089 daAuts
  Lair:2: 1067 daAuts
  Lair:3: 1027 daAuts
    D:10: 967 daAuts
     D:6: 953 daAuts
     D:7: 937 daAuts
     D:3: 936 daAuts
     D:5: 904 daAuts
  Lair:4: 900 daAuts
    D:12: 883 daAuts

Table legend:
 A = Kills in this place as a percentage of kills in the entire game.
 B = Kills by you in this place as a percentage of kills by you in the entire game.
 C = Kills by friends in this place as a percentage of kills by friends in the entire game.
 D = Other kills in this place as a percentage of other kills in the entire game.
 E = Experience gained in this place as a percentage of experience gained in the entire game.
 F = Experience gained in this place divided by the number of levels of this place that you have seen.
                   A       B       C       D       E      F
               +-------+-------+-------+-------+-------+----------------------
         Total | 100.0 | 100.0 | 100.0 | 100.0 | 100.0 | 8176.4
       Dungeon |  41.5 |  51.2 |  23.0 | 100.0 |  30.4 | 4799.7
          Lair |  24.7 |  18.7 |  36.3 |   0.0 |  24.8 | 11749.8
     Snake Pit |  22.6 |  17.1 |  33.0 |   0.0 |  36.5 | 21646.8
  Orcish Mines |   6.7 |   6.3 |   7.4 |   0.0 |   7.2 | 8576.5
         Sewer |   3.1 |   4.8 |   0.0 |   0.0 |   0.1 | 243.0
        Bailey |   1.4 |   2.0 |   0.4 |   0.0 |   1.0 | 2388.0
               +-------+-------+-------+-------+-------+----------------------
